 Dungeon Crawl Stone Soup version 0.21.1-1-g345015f (webtiles) character file.

144402 troglodite the Peltast (level 16, -5/127 HPs)
             Began as a Demonspawn Berserker on May 10, 2018.
             Was a High Priest of Trog.
             Slain by a dire elephant simulacrum (12 damage)
             ... in an ice cave.
             The game lasted 02:06:33 (35043 turns).

troglodite the Peltast (Demonspawn Berserker)      Turns: 35043, Time: 02:06:35

Health: -5/127     AC: 27    Str: 20    XL:     16   Next: 85%
Magic:  0/26       EV: 17    Int:  9    God:    Trog [*****.]
Gold:   2449       SH: 21    Dex: 24    Spells: 15/15 levels left

rFire    + + .     SeeInvis +   L - +8 falchion of Indomitability {vamp, *Corrode Dex+5}
rCold    + . .     Gourm    .   r - +0 large shield
rNeg     . . .     Faith    .   W - +2 scale mail "Myarubi" {-Cast MP+9 Dex+4}
rPois    .         Spirit   +   U - +2 hat {MR+}
rElec    .         Reflect  .   H - +0 cloak
rCorr    .         Harm     .   J - +2 pair of gloves
MR       +++..     NoCast   +   t - +2 pair of boots of the Apprentice {rF+ MR+ Slay-4 SInv}
Stlth    ++........             s - amulet of regeneration
HPRegen  0.71/turn              f - ring of protection from cold
MPRegen  0.40/turn              S - +3 ring of protection

@: no status effects
A: beak, talons 2, icy blue scales 2, camouflage 1, clumsy 1, fire resistance 1,
foul stench 1, high mp 1, magic shield, magic regeneration, rot immunity
a: Berserk, Trog's Hand, Brothers in Arms, Burn Spellbooks, Renounce Religion


You were in an ice cave.
You worshipped Trog.
Trog was extremely pleased with you.
You were not hungry.

You visited 4 branches of the dungeon, and saw 26 of its levels.
You also visited: Labyrinth, Sewer and Ice Cave.

You collected 2657 gold pieces.
You spent 208 gold pieces at shops.

Inventory:

Hand Weapons
 u - the +4 falchion "Alaih" {slice, Str+6}
   (You found it on level 14 of the Dungeon)

   It inflicts extra damage upon your enemies.
   It affects your strength (+6).
 L - the +8 falchion of Indomitability (weapon) {vamp, *Corrode Dex+5}
   (You bought it in a shop on level 8 of the Dungeon)

   It inflicts no extra harm, but heals its wielder when it wounds a living foe.
   It affects your dexterity (+5).
   It may corrode you when you take damage.
 Z - a +2 demon blade of draining
Armour
 r - a +0 large shield (worn)
 t - the +2 pair of boots of the Apprentice (worn) {rF+ MR+ Slay-4 SInv}
   (You found it on level 4 of the Dungeon)

   It affects your accuracy and damage with ranged weapons and melee attacks
   (-4).
   It protects you from fire.
   It affects your resistance to hostile enchantments.
   It lets you see invisible.
 H - a +0 cloak (worn)
 J - a +2 pair of gloves (worn)
 U - a +2 hat of magic resistance (worn)
 W - the +2 scale mail "Myarubi" (worn) {-Cast MP+9 Dex+4}
   (You found it in a labyrinth)

   It affects your dexterity (+4).
   It affects your magic capacity (+9).
   It prevents spellcasting.
Jewellery
 a - an uncursed ring of flight
 f - a ring of protection from cold (left hand)
 h - a +4 ring of evasion
 j - an uncursed ring of see invisible
 n - an uncursed ring of protection from fire
 s - an amulet of regeneration (around neck)
 G - an uncursed ring of stealth
 S - a +3 ring of protection (right hand)
Wands
 d - a wand of digging (19)
 m - a wand of paralysis (19)
 p - a wand of flame (86)
 B - a wand of random effects (89)
 K - a wand of disintegration (13)
 R - a wand of iceblast (6)
 V - a wand of enslavement (25)
Scrolls
 g - 2 scrolls of enchant weapon
 v - 12 scrolls of remove curse
 w - 8 scrolls of teleportation
 y - 2 scrolls of fear
 A - a scroll of magic mapping
 C - 8 scrolls of fog
 E - 3 scrolls of silence
 F - 4 scrolls of identify
 O - a scroll of blinking
Potions
 b - 13 potions of curing
 e - 3 potions of flight
 i - 6 potions of brilliance
 k - 2 potions of cancellation
 l - a potion of mutation
 o - 2 potions of heal wounds
 q - 6 potions of agility
 x - 6 potions of haste
 z - 3 potions of berserk rage
 D - 2 potions of magic
 M - a potion of might
 N - 2 potions of ambrosia
 P - 3 potions of lignification
 T - 2 potions of invisibility
Comestibles
 c - 17 rations


   Skills:
 * Level 12.0 Fighting
   Level 4.4(8.2) Short Blades
 + Level 10.6(11.0) Long Blades
 * Level 10.8 Armour
 * Level 10.7 Dodging
 + Level 2.7 Stealth
 * Level 16.1 Shields
 + Level 0.3 Evocations


You had 15 spell levels left.
You didn't know any spells.

Dungeon Overview and Level Annotations

Branches:
Dungeon (15/15)            Temple (0/1) D:4            Lair (6/6) D:10
  Swamp (3/4) Lair:3        Snake (0/4) Lair:2        Slime (0/5) Lair:5
    Orc (2/2) D:12            Elf (0/3) Orc:2        Vaults (0/5) D:13
 Depths (0/5) D:15

Altars:
Dithmenos
Elyvilon
Fedhas
Okawaru
Uskayaw
Vehumet
Xom
Yredelemnul
Zin
Beogh

Shops:
D:8 (   D:9 =   Orc:2 !%:(

Portals:
Pandemonium: Orc:2

Annotations:
Lair:2 exclusion: 3 oklob plants


Innate Abilities, Weirdness & Mutations

You have razor-sharp toenails.
You are mostly covered in icy blue scales. (AC +3)
You may emit foul miasma when damaged in melee.
When hurt, damage is shared between your health and your magic reserves.
You regenerate magic rapidly.
You are immune to rotting.
You have a beak for a mouth.
Your skin changes colour to match your surroundings (Stealth+).
You are clumsy. (Dex -2)
Your flesh is heat resistant. (rF+)
You have an increased reservoir of magic. (+10% MP)


Message History

Unknown command.
You slash the ice beast!
You feel better.
The ice beast is moderately wounded.
You block the ice beast's attack.
You block the four-headed hydra simulacrum's attack.
The four-headed hydra simulacrum bites you.
The four-headed hydra simulacrum freezes you!
You resist.
The four-headed hydra simulacrum bites you!
* * * LOW HITPOINT WARNING * * *
The four-headed hydra simulacrum freezes you!
You resist.
* * * LOW HITPOINT WARNING * * *
You emit a cloud of foul miasma!
The four-headed hydra simulacrum barely misses you.
The dire elephant simulacrum tramples you!!
* * * LOW HITPOINT WARNING * * *
The dire elephant simulacrum freezes you!
You resist.
You die...

###########
#.........#
#....∩....#
#.........#
#.........#
#....∩....#
##.......##
##.....##
###@###
#.ZYZ.#
#.......#
#.........#
#.........#
#$.......$#
#%.......?#
#[|.....!(#


You could see an ice beast, a four-headed hydra simulacrum and a dire elephant
simulacrum.

Vanquished Creatures
  Nikola (Swamp:1)
  Jorgrun (Swamp:2)
  Kirke (D:15)
  A thorn hunter (Swamp:2)
  A stone giant (Orc:1)
  A very ugly thing (Swamp:2)
  A dire elephant (D:15)
  A minotaur (Lab)
  Fannar (Orc:1)
  Harold (D:11)
  A great orb of eyes (D:15)
  4 hydras
  2 vault guards
  4 centaur warriors
  2 ghost crabs
  An alligator (Swamp:1)
  5 two-headed ogres
  A death yak (Lair:4)
  Urug (Lair:5)
  An orc high priest (Orc:2)
  Nergalle (Lair:3)
  4 skeletal warriors
  The ghost of Monsterracer the Destroyer, a novice DEWz of Vehumet (D:10)
  5 unseen horrors
  A torturous demonspawn (Orc:2)
  An unseen horror (shapeshifter) (D:13)
  2 swamp dragons (Swamp:1)
  A spriggan druid (Swamp:2)
  A gelid demonspawn (Orc:2)
  2 shambling mangroves (Swamp:2)
  A harpy (Lair:6)
  A deep elf mage (D:14)
  A wolf spider (D:13)
  An orc knight (Orc:2)
  8 orc sorcerers
  3 oklob plants
  6 manticores
  4 cyclopes
  Maurice (D:8)
  17 ugly things
  2 centaur zombies
  10 elephants
  An ice statue (Swamp:3)
  A rust devil (Orc:2)
  5 black mambas
  A gargoyle (D:14)
  A torpor snail (Lair:4)
  The ghost of manyhoops the Skirmisher, a novice GnWn of Hepliaklqana (D:5)
  11 spiny frogs
  7 komodo dragons
  4 kobold demonologists
  4 rime drakes
  A hellwing (Orc:2)
  9 tyrant leeches
  A polar bear (Lair:3)
  7 hornets
  5 trolls
  A meliai (D:13)
  A wolf spider simulacrum (D:14)
  3 blink frogs (Lair:4)
  A bog body (Swamp:1)
  6 dream sheep (Lair:6)
  8 hippogriffs
  7 slime creatures
  6 spriggans (Lair:2)
  2 water elementals (D:13)
  A wraith (D:14)
  4 shadows
  28 yaks
  A ynoxinul (Orc:2)
  2 wyverns
  Menkaure (D:6)
  15 vampire mosquitoes
  14 swamp worms
  2 nagas (Lair:2)
  3 soldier ants
  Duvessa (D:6)
  11 water moccasins
  5 porcupines
  A black bear (D:10)
  16 orc warriors
  9 ice beasts
  4 swamp drakes
  2 sky beasts
  A phantom (D:2)
  An eye of draining (D:12)
  12 ogres
  6 centaurs
  8 crocodiles
  12 bullfrogs
  5 big kobolds
  Dowan (D:6)
  5 scorpions
  18 killer bees
  5 wights (D:14)
  A howler monkey (D:13)
  4 electric eels
  5 crimson imps
  A quasit (D:13)
  A bullfrog zombie (D:7)
  14 hounds
  4 centaur skeletons
  7 jellies
  2 bullfrog skeletons
  9 orc priests
  A gnoll shaman (Orc:2)
  8 orc wizards
  8 iguanas
  8 worker ants
  3 killer bee zombies
  A hound zombie (D:7)
  2 hound skeletons
  A worker ant zombie (D:11)
  6 gnolls
  15 adders
  A river rat (Sewer)
  A shadow imp (D:14)
  3 oozes (Sewer)
  2 adder skeletons
  2 worms
  6 dart slugs
  4 leopard geckos
  48 orcs
  6 ball pythons
  11 bats
  5 giant cockroaches
  2 gnoll zombies (D:6)
  7 goblins
  9 hobgoblins
  10 jackals
  21 kobolds
  4 quokkas
  4 frilled lizards
  A quokka skeleton (D:4)
  12 rats
  A plant (D:10)
655 creatures vanquished.

Vanquished Creatures (collateral kills)
  Roxanne (Swamp:2)
  The ghost of Aelig the Spear-Bearer, a journeyman BaSu of Kikubaaqudgha (Orc:1)
  2 vault guards
  A two-headed ogre (D:13)
  A merfolk avatar (Lair:6)
  2 death yaks (Lair:4)
  5 orc high priests (Orc:2)
  A soul eater (Orc:2)
  A gelid demonspawn (Orc:2)
  A swamp dragon (Swamp:1)
  A deep elf mage (D:13)
  3 orc knights (Orc:2)
  An ugly thing (D:12)
  An oklob plant (D:10)
  A salamander (D:15)
  A smoke demon (Orc:2)
  A rime drake (Lair:6)
  A shadow (Swamp:1)
  A vampire (D:15)
  A wyvern (Lair:6)
  A chaos spawn (Orc:2)
  2 vampire mosquitoes (Swamp:1)
  10 orc warriors (Orc:2)
  5 orc priests (Orc:2)
  5 orcs (Orc:2)
  A plant (Lair:6)
52 creatures vanquished.

Vanquished Creatures (others)
  A komodo dragon (Swamp:1)
  3 humans (D:15)
  3 killer bees (D:13)
  An orc priest (Orc:2)
  A worker ant (D:4)
  2 adders (Sewer)
  A worm (Sewer)
  A dart slug (D:2)
  An orc (D:6)
  A giant cockroach (D:4)
  A kobold (Sewer)
  A fire vortex (D:13)
  15 fungi
  22 plants
54 creatures vanquished.

Grand Total: 761 creatures vanquished

Notes
Turn   | Place    | Note
-------+----------+-------------------------------------------
     0 | D:1      | troglodite the Demonspawn Berserker began the quest for the Orb.
     0 | D:1      | Reached XP level 1. HP: 18/18 MP: 1/1
   261 | D:1      | Gained mutation: You are immune to rotting. [demonic ancestry]
   261 | D:1      | Reached XP level 2. HP: 17/24 MP: 2/2
   831 | D:1      | Gained mutation: When hurt, damage is shared between your health and your magic reserves. [demonic ancestry]
   831 | D:1      | Reached XP level 3. HP: 27/29 MP: 3/3
  1584 | D:2      | Found a radiant altar of Vehumet.
  1590 | D:2      | Found a white marble altar of Elyvilon.
  1648 | D:2      | Reached ** piety under Trog
  1667 | D:2      | Noticed a phantom
  1696 | D:2      | Killed a phantom
  1696 | D:2      | Gained mutation: You are partially covered in icy blue scales. (AC +2) [demonic ancestry]
  1696 | D:2      | Reached XP level 4. HP: 25/37 MP: 1/4
  1696 | D:2      | Reached XP level 5. HP: 29/42 MP: 1/5
  1918 | D:2      | Reached skill level 1 in Short Blades
  2734 | D:3      | Reached *** piety under Trog
  2887 | D:3      | Reached skill level 1 in Stealth
  3136 | D:4      | Reached XP level 6. HP: 46/49 MP: 6/6
  3182 | D:4      | Got a pair of transparent boots
  3188 | D:4      | Identified the +2 pair of boots of the Apprentice {rF+ MR+ Slay-4 SInv} (You found it on level 4 of the Dungeon)
  3259 | D:4      | Found a staircase to the Ecumenical Temple.
  3319 | D:4      | Reached skill level 1 in Shields
  3321 | D:4      | Found a hide-covered altar of Uskayaw.
  3474 | D:4      | Found a glowing drain.
  3504 | Sewer    | Entered a sewer
  3736 | Sewer    | Reached skill level 5 in Fighting
  3736 | Sewer    | Reached skill level 2 in Shields
  3736 | Sewer    | Reached XP level 7. HP: 55/56 MP: 5/7
  3982 | Sewer    | Reached **** piety under Trog
  4517 | D:5      | Entered Level 5 of the Dungeon
  4517 | D:5      | Noticed manyhoops's ghost (novice GnWn)
  4548 | D:5      | Killed manyhoops's ghost
  4548 | D:5      | Reached skill level 3 in Shields
  4548 | D:5      | Reached XP level 8. HP: 48/63 MP: 6/8
  5075 | D:5      | Reached skill level 4 in Shields
  5177 | D:6      | Noticed Dowan
  5178 | D:6      | Noticed Duvessa
  5611 | D:6      | Noticed Menkaure
  5619 | D:6      | Killed Menkaure
  5619 | D:6      | Reached skill level 5 in Shields
  5623 | D:6      | Killed Dowan
  6397 | D:6      | Killed Duvessa
  6397 | D:6      | Gained mutation: You regenerate magic rapidly. [demonic ancestry]
  6397 | D:6      | Reached XP level 9. HP: 65/70 MP: 9/9
  6460 | D:6      | Found a basalt altar of Yredelemnul.
  6936 | D:7      | Gained mutation: You occasionally shout uncontrollably at your foes. [potion of mutation]
  6936 | D:7      | Gained mutation: You are robust. (+10% HP) [potion of mutation]
  6936 | D:7      | Gained mutation: You have a beak for a mouth. [potion of mutation]
  6936 | D:7      | Gained mutation: You are very robust. (+20% HP) [potion of mutation]
  7031 | D:7      | Reached skill level 5 in Dodging
  7688 | D:8      | Reached skill level 6 in Shields
  7724 | D:8      | Gained mutation: Your body sometimes deteriorates upon taking damage. [mutagenic glow]
  7773 | D:8      | Gained mutation: You are dopey. (Int -2) [mutagenic glow]
  8348 | D:8      | Noticed Maurice
  8385 | D:8      | Killed Maurice
  8524 | D:8      | Reached skill level 7 in Shields
  8534 | D:8      | Found Plog's Antique Weapon Emporium.
  8583 | D:8      | Bought a steaming falchion for 208 gold pieces
  8585 | D:8      | Identified the +8 falchion of Indomitability {vamp, *Corrode Dex+5} (You bought it in a shop on level 8 of the Dungeon)
  8646 | D:8      | Found a blossoming altar of Fedhas.
  8942 | D:8      | Reached ***** piety under Trog
  8945 | D:8      | Reached skill level 5 in Armour
  8945 | D:8      | Reached XP level 10. HP: 92/92 MP: 10/10
  9460 | D:9      | Found a shimmering altar of Xom.
  9752 | D:9      | Found an iron altar of Okawaru.
  9765 | D:9      | Found Ixuonnei's Jewellery Boutique.
  9808 | D:10     | Entered Level 10 of the Dungeon
  9870 | D:10     | Noticed Monsterracer's ghost (novice DEWz)
  9884 | D:10     | Killed Monsterracer's ghost
  9884 | D:10     | Reached skill level 8 in Shields
 10185 | D:10     | Received a gift from Trog
 10589 | D:10     | Noticed a two-headed ogre
 10599 | D:10     | Killed a two-headed ogre
 10599 | D:10     | Reached skill level 5 in Long Blades
 10837 | D:10     | Found a staircase to the Lair.
 10837 | D:10     | Noticed an oklob plant
 10842 | D:10     | Noticed an oklob plant
 10860 | D:10     | Killed an oklob plant
 10860 | D:10     | Reached skill level 9 in Shields
 11349 | D:10     | Killed an oklob plant
 11542 | D:11     | Noticed a purple ugly thing
 11557 | D:11     | Killed a purple ugly thing
 11557 | D:11     | Gained mutation: You have sharp toenails. [demonic ancestry]
 11557 | D:11     | Reached XP level 11. HP: 102/102 MP: 11/11
 11558 | D:11     | Noticed a sun demon
 11572 | D:11     | Noticed a soul eater
 11738 | D:11     | Noticed a purple ugly thing
 11903 | D:11     | Killed a purple ugly thing
 12014 | D:11     | Lost mutation: You are dopey. (Int -2) [potion of mutation]
 12014 | D:11     | Lost mutation: Your body sometimes deteriorates upon taking damage. [potion of mutation]
 12014 | D:11     | Lost mutation: You occasionally shout uncontrollably at your foes. [potion of mutation]
 12014 | D:11     | Gained mutation: You occasionally shout uncontrollably at your foes. [potion of mutation]
 12014 | D:11     | Gained mutation: Scrolls take you a little longer to read. [potion of mutation]
 12014 | D:11     | Gained mutation: Your skin changes colour to match your surroundings (Stealth+). [potion of mutation]
 12015 | D:11     | Lost mutation: You occasionally shout uncontrollably at your foes. [potion of mutation]
 12015 | D:11     | Lost mutation: You are very robust. (+20% HP) [potion of mutation]
 12015 | D:11     | Lost mutation: Scrolls take you a little longer to read. [potion of mutation]
 12015 | D:11     | Lost mutation: You are robust. (+10% HP) [potion of mutation]
 12015 | D:11     | Gained mutation: Your flesh is heat resistant. (rF+) [potion of mutation]
 12015 | D:11     | Gained mutation: You have an increased reservoir of magic. (+10% MP) [potion of mutation]
 12224 | D:11     | Noticed a soul eater
 12251 | D:11     | Noticed a sixfirhy
 12432 | D:11     | Noticed a sun demon
 12452 | D:11     | Noticed Harold
 12470 | D:11     | Killed Harold
 12551 | D:11     | Found a radiant altar of Vehumet.
 12794 | D:12     | Reached skill level 10 in Shields
 12874 | D:12     | Noticed a two-headed ogre
 12892 | D:12     | Killed a two-headed ogre
 13049 | D:12     | Noticed a skeletal warrior
 13055 | D:12     | Noticed a skeletal warrior
 13064 | D:12     | Killed a skeletal warrior
 13065 | D:12     | Noticed a skeletal warrior
 13068 | D:12     | Noticed a cyan ugly thing
 13071 | D:12     | Noticed a skeletal warrior
 13138 | D:11     | Killed a skeletal warrior
 13263 | D:12     | Killed a skeletal warrior
 13376 | D:12     | Found a staircase to the Orcish Mines.
 13648 | D:12     | Gained mutation: You have razor-sharp toenails. [demonic ancestry]
 13648 | D:12     | Reached XP level 12. HP: 94/94 MP: 13/13
 13971 | Orc:1    | Entered Level 1 of the Orcish Mines
 13971 | Orc:1    | Noticed a stone giant
 13992 | Orc:1    | Killed a stone giant
 14068 | Orc:2    | Entered Level 2 of the Orcish Mines
 14484 | Orc:2    | Found a staircase to the Elven Halls.
 14618 | Orc:1    | Noticed Aelig's ghost (journeyman BaSu)
 14671 | Orc:1    | Killed Aelig's ghost
 14924 | Orc:1    | Reached skill level 11 in Shields
 14985 | Orc:1    | Noticed Fannar
 14999 | Orc:1    | Killed Fannar
 15008 | Orc:1    | Found a roughly hewn altar of Beogh.
 15247 | Orc:1    | Gained mutation: You are clumsy. (Dex -2) [a neqoxec]
 15606 | Orc:2    | Found Xuylesos's Distillery.
 15631 | Orc:2    | Found Era Zotimo's Food Emporium.
 16240 | Orc:2    | Noticed an orc high priest
 16243 | Orc:2    | Noticed an orc high priest
 16247 | Orc:2    | Killed an orc high priest
 16251 | Orc:2    | Noticed an orc high priest
 16793 | Orc:2    | Killed an orc high priest
 16800 | Orc:2    | Noticed an orc high priest
 16801 | Orc:2    | Killed an orc high priest
 16801 | Orc:2    | Reached XP level 13. HP: 94/101 MP: 14/14
 16828 | Orc:2    | Paralysed by an orc sorcerer for 4 turns
 16850 | Orc:2    | Paralysed by an orc sorcerer for 6 turns
 17103 | Orc:2    | Paralysed by an orc sorcerer for 3 turns
 17389 | Orc:2    | Reached skill level 12 in Shields
 17390 | Orc:2    | Found Deocielug's Antique Weapon Shop.
 17390 | Orc:2    | Found Laak's Book Boutique.
 17402 | Orc:2    | Found a one-way gate leading to the halls of Pandemonium.
 17547 | Lair:1   | Entered Level 1 of the Lair of Beasts
 18720 | Lair:2   | Found a staircase to the Snake Pit.
 19814 | Lair:3   | Noticed Nergalle
 19838 | Lair:3   | Killed Nergalle
 20193 | Lair:3   | Reached skill level 10 in Fighting
 20387 | Lair:3   | Found a staircase to the Swamp.
 21113 | Lair:4   | Reached skill level 13 in Shields
 21155 | Lair:4   | Identified a scroll of acquirement
 21689 | Lair:5   | Noticed Urug
 21737 | Lair:5   | Killed Urug
 22060 | Lair:5   | Found a staircase to the Slime Pits.
 22217 | Lair:5   | Gained mutation: You are mostly covered in icy blue scales. (AC +3) [demonic ancestry]
 22217 | Lair:5   | Reached XP level 14. HP: 111/111 MP: 12/15
 23122 | Lair:6   | Entered Level 6 of the Lair of Beasts
 23166 | Lair:6   | Found a labyrinth entrance.
 23178 | Lab      | Entered a labyrinth
 26187 | Lab      | Got a pitted scale mail
 26219 | Lab      | Identified the +2 scale mail "Myarubi" {-Cast MP+9 Dex+4} (You found it in a labyrinth)
 26377 | Lair:6   | Paralysed by a hornet for 1 turns
 27169 | Lair:6   | Reached skill level 14 in Shields
 27792 | Swamp:1  | Entered Level 1 of the Swamp
 28498 | D:13     | Found a gate to the Vaults.
 29440 | D:13     | Reached XP level 15. HP: 117/117 MP: 16/16
 29505 | D:13     | Found a basalt altar of Yredelemnul.
 30200 | D:14     | Reached skill level 10 in Long Blades
 30265 | D:14     | Reached skill level 10 in Dodging
 30419 | D:14     | Got a warped falchion
 30420 | D:14     | Identified the +4 falchion "Alaih" {slice, Str+6} (You found it on level 14 of the Dungeon)
 30424 | D:14     | Reached skill level 10 in Armour
 30424 | D:14     | Reached skill level 15 in Shields
 30424 | D:14     | Gained mutation: You may emit foul miasma when damaged in melee. [demonic ancestry]
 30424 | D:14     | Reached XP level 16. HP: 126/126 MP: 17/17
 30769 | D:14     | Found an opulent altar of Gozag.
 30771 | D:14     | Found a basalt altar of Yredelemnul.
 30771 | D:14     | Found a glowing silver altar of Zin.
 30773 | D:14     | Found a shimmering altar of Xom.
 30773 | D:14     | Found a shimmering altar of Xom.
 30773 | D:14     | Found a blossoming altar of Fedhas.
 31055 | D:15     | Entered Level 15 of the Dungeon
 31152 | D:15     | Noticed Kirke
 31198 | D:15     | Killed Kirke
 31552 | D:15     | Found a staircase to the Depths.
 31846 | D:15     | Received a gift from Trog
 31855 | D:15     | Found a shadowy altar of Dithmenos.
 32809 | Swamp:1  | Noticed Nikola
 32828 | Swamp:1  | Killed Nikola
 33995 | Swamp:2  | Received a gift from Trog
 34125 | Swamp:2  | Paralysed by a hornet for 3 turns
 34296 | Swamp:2  | Reached skill level 16 in Shields
 34356 | Swamp:2  | Noticed a thorn hunter
 34375 | Swamp:2  | Killed a thorn hunter
 34380 | Swamp:2  | Noticed Roxanne
 34393 | Swamp:2  | Killed Roxanne
 34531 | Swamp:2  | Noticed Jorgrun
 34545 | Swamp:2  | Killed Jorgrun
 34945 | Swamp:3  | Found a frozen archway.
 34997 | IceCv    | Entered an ice cave
 35043 | IceCv    | Slain by a dire elephant simulacrum

Skill      XL: |  1  2  3  4  5  6  7  8  9 10 11 12 13 14 15 16 |
---------------+-------------------------------------------------+-----
Dodging        | 2 3 4 5 6 7 8 9 10 | 10.7
Long Blades    | 3 4 5 7 8 9 10 | 10.6
Armour         | 2 3 4 5 6 7 9 10 | 10.8
Fighting       | 4 5 6 7 8 9 10 11 12 | 12.0
Short Blades   | 1 2 3 4 |  4.4
Stealth        | 1 2 |  2.7
Shields        | 2 3 5 7 9 10 11 13 14 15 16 | 16.1
Evocations     | |  0.3

Action                   |  1- 3 |  4- 6 |  7- 9 | 10-12 | 13-15 | 16-18 || total
-------------------------+-------+-------+-------+-------+-------+-------++-------
Melee: Falchion          |    56 |       |    65 |  1165 |  1945 |   965 ||  4196
       Short sword       |    48 |   178 |   396 |       |       |       ||   622
       Long sword        |       |       |   126 |       |       |       ||   126
       Peck              |       |       |    59 |   370 |   666 |   416 ||  1511
Invok: Berserk           |     2 |     2 |    10 |    18 |    24 |    10 ||    66
       Burn Spellbooks   |       |     2 |       |     1 |     5 |     5 ||    13
       Brothers in Arms  |       |       |       |     9 |    11 |     4 ||    24
Evoke: Wand              |       |       |       |       |    12 |       ||    12
  Use: Scroll            |       |    10 |     9 |     9 |    23 |    10 ||    61
       Potion            |       |       |     2 |     3 |     4 |       ||     9
 Stab: Sleeping          |       |       |     1 |     8 |     1 |     2 ||    12
       Distracted        |       |       |       |     1 |     3 |       ||     4
       Confused          |       |       |       |       |       |     1 ||     1
  Eat: Chunk             |     3 |    10 |    11 |    30 |    30 |    20 ||   104
       Ration            |       |       |     6 |     6 |    12 |     3 ||    27
Armor: Animal skin       |     6 |       |       |       |       |       ||     6
       Ring mail         |    12 |    69 |   132 |   208 |       |       ||   421
       Chain mail        |       |       |    12 |    32 |   380 |       ||   424
       Scale mail        |       |       |       |       |   266 |   222 ||   488
Dodge: Dodged            |    79 |    88 |   222 |   587 |  1000 |   461 ||  2437
Block: Large shield      |       |   104 |   421 |  1133 |  2180 |   881 ||  4719
       Rpst.: Falchion   |    19 |       |     6 |   141 |   215 |    88 ||   469
       Long sword        |       |       |    22 |       |       |       ||    22
